 Dungeon Crawl Stone Soup version 0.29-a0-810-g3812dd5c9c (webtiles) character file.

Game seed: 9410186394662792864

27 Morbidden the Conjurer (level 2, 0/19 HPs)
             Began as a Demonspawn Conjurer on July 3, 2022.
             Slain by an adder (2 damage)
             ... on level 2 of the Dungeon.
             The game lasted 00:01:26 (1535 turns).

Morbidden the Conjurer (Demonspawn Conjurer)        Turns: 1535, Time: 00:01:27

Health: 0/19       AC:  2    Str:  7    XL:     2   Next: 93%
Magic:  0/5        EV: 12    Int: 19    God:
Gold:   102        SH:  0    Dex: 11    Spells: 2/5 levels left

rFire   . . .      SeeInvis .   (no weapon)
rCold   . . .      Faith    .   (no shield)
rNeg    . . .      Spirit   .   a - +0 robe
rPois   .          Reflect  .   (helmet restricted)
rElec   .          Harm     .   (no cloak)
rCorr   .          Rampage  .   (no gloves)
Will    .....                   (no boots)
Stlth   ++........              (no amulet)
HPRegen 0.06/turn               (no ring)
MPRegen 0.09/turn               (no ring)

@: lethally poisoned (0 -> -2)
A: horns 1
a: no special abilities


You were on level 2 of the Dungeon.
You visited 1 branch of the dungeon, and saw 2 of its levels.

You collected 102 gold pieces.

Inventory:

Armour
 a - a +0 robe (worn)
Scrolls
 c - 2 scrolls of identify {unknown}
 e - a scroll of silence {unknown}
 f - a scroll of immolation {unknown}
Potions
 b - 2 potions of magic


   Skills:
 * Level 0.3 Fighting
 * Level 1.8 Dodging
 + Level 1.8 Stealth
 * Level 2.2 Spellcasting
 * Level 4.7 Conjurations


You had 2 spell levels left.
You knew the following spells:

 Your Spells              Type           Power      Damage    Failure   Level
a - Magic Dart            Conj           76%        1d6       2%          1
b - Searing Ray           Conj           38%        2d5       3%          2

Your spell library contained the following spells:

 Spells                   Type           Power      Damage    Failure   Level
 Dazzling Flash           Conj/Hex       22%        N/A       19%         3
 Fulminant Prism          Conj/Hex       5%         3d7       54%         4
 Iskenderun's Mystic Bla  Conj/Tloc      11%        2d4       54%         4


Dungeon Overview and Level Annotations

Branches:
Dungeon (2/15)

Altars:

Shops:
D:1 *(=


Innate Abilities, Weirdness & Mutations

You have a pair of small horns on your head.


Message History

You closely miss the adder.
The adder is severely wounded.
The adder bites you.
You miss the adder.
The adder is severely wounded.
The adder misses you.
Unknown command.
You barely miss the adder.
The adder is severely wounded.
The adder bites you.
You are poisoned.
The adder poisons you! The adder closely misses you.
Unknown command.
You miss the adder.
The adder is severely wounded.
You feel sick. The adder bites you.
You are too injured to fight recklessly!
Unknown command.
You are too injured to fight recklessly!
Unknown command.
Casting: Magic Dart (safe; 2% risk of failure)
Confirm with . or Enter, or press ? or * to list all spells.
Aiming: Magic Dart (safe; 2% risk of failure)
Press: ? - help, Shift-Dir - straight line, f/p - adder
Aim: an adder (severely wounded, 100% to hit)
You miscast Magic Dart.
You are very lightly contaminated with residual magic.
Nothing appears to happen.
You feel sick. The adder bites you.
* * * LOW HITPOINT WARNING * * *
Casting: Magic Dart (safe; 2% risk of failure)
Confirm with . or Enter, or press ? or * to list all spells.
You don't have enough magic to cast this spell.
Unknown command.
Unknown command.
Unknown command.
It was a potion of cancellation.
You feel magically purged.
Your magical contamination has completely faded away.
* * * LOW HITPOINT WARNING * * *
You feel sick. The adder closely misses you. The adder bites you.
You die...

#..#..##############.
##.#..##.............
#.....#.###########.
#...#.........# #.
#.....#.##.##.# ##
#...###.##.##.# #
#...# #.....^.# #
#...# #.......######
#..@# #............#
#..S................
#.............####.#
............##># #.#
#.##............# #.#
#. #..#####.##### #.#
# #..# #.# #.# #.>#
#.# #######.#


You could see an adder.

Vanquished Creatures
  A gnoll (D:2)
  3 bats
  An endoplasm (D:2)
  2 giant cockroaches
  A goblin (D:2)
  4 hobgoblins
  A kobold (D:1)
  2 ball pythons
15 creatures vanquished.

Notes
Turn   | Place    | Note
-------+----------+-------------------------------------------
     0 | D:1      | Morbidden the Demonspawn Conjurer began the quest for the
                  | Orb.
     0 | D:1      | Reached XP level 1. HP: 13/13 MP: 3/3
     0 | D:1      | Noticed a yellow draconian
     1 | D:1      | Noticed an iron dragon
     4 | D:1      | Noticed an orb of fire
     6 | D:1      | Noticed a large abomination
     7 | D:1      | Noticed a shadow dragon
     8 | D:1      | Noticed an iron dragon
     9 | D:1      | Noticed an orb of fire
    11 | D:1      | Noticed an orb of fire
    13 | D:1      | Noticed an orb of fire
    13 | D:1      | Noticed a shadow dragon
    15 | D:1      | Noticed an orb of fire
    15 | D:1      | Noticed an orb of fire
    17 | D:1      | Noticed an iron dragon
    17 | D:1      | Noticed a shadow dragon
    19 | D:1      | Noticed a shadow dragon
    21 | D:1      | Noticed a golden dragon
    95 | D:1      | Found Muuczesh's General Store.
   212 | D:1      | Found Xaen's Antique Weapon Boutique.
   298 | D:1      | Found a faded altar of an unknown god.
   493 | D:1      | Gained mutation: You have a pair of small horns on your
                  | head. [demonic ancestry]
   493 | D:1      | Reached XP level 2. HP: 19/19 MP: 0/5
   806 | D:1      | Found Awoep's Jewellery Boutique.
  1348 | D:2      | Learned a level 2 spell: Searing Ray
  1535 | D:2      | Slain by an adder

Illustrated notes

Levels and vault maps discovered:
D:1:      shiori_arrival_whats_in_store_for_you, layout_loops_ring,
          shapermc_ecumenical_altar_acropolis, serial_shops, shop_statue, shop,
          nicolae_shop_hallway_plus, amcnicky_mini_corridor_feature,
          chequers_avenue
D:2:      layout_loops_ring, serial_glass, glass_columns_c, glass_columns_b,
          glass_columns_a, glass_columns_b

Action                   || total
-------------------------++-------
Melee: Unarmed           ||    14
       Punch             ||     1
       Headbutt          ||     1
 Cast: Magic Dart        ||    45
  Use: Potion            ||     1
Armor: Robe              ||     3
Dodge: Dodged            ||    11

Table legend: (Time is in decaauts)
 A = Elapsed time spent in this place.
 B = Non-inter-level travel time spent in this place.
 C = Inter-level travel time spent in this place.
 D = Time resting spent in this place.
 E = Time spent auto-exploring this place.
 F = Levels seen in this place.
 G = Mean time per level.
                   A        B        C        D        E       F      G
               +--------+--------+--------+--------+--------+-----+--------+
         Total |   1534 |   1501 |     33 |     47 |   1273 |   2 |  767.0 |
       Dungeon |   1534 |   1501 |     33 |     47 |   1273 |   2 |  767.0 |
               +--------+--------+--------+--------+--------+-----+--------+

Top non-repeatable levels by time:
     D:1: 871 daAuts
     D:2: 663 daAuts
